 Dungeon Crawl Stone Soup version 0.30-a0-250-g41c1d76940 (webtiles) character file.

Game seed: 6986723675536361362

4872 tilp the Gouger (level 10, 0/51 HPs)
             Began as a Felid Chaos Knight on Oct 9, 2022.
             Was a Plaything of Xom.
             Killed by divine providence
             ... invoked by a meliai
              (11 damage)
             ... in a Gauntlet on Oct 12, 2022.
             The game lasted 00:24:40 (12530 turns).

tilp the Gouger (Felid Chaos Knight)               Turns: 12530, Time: 00:24:42

Health: 0/51       AC:  6    Str:  5    XL:     10   Next: 26%
Magic:  11/11      EV: 39    Int: 17    God:    Xom [.*....]
Gold:   143        SH:  0    Dex: 22    Spells: 7/9 levels left
                                        Lives:  0   Deaths: 2

rFire   + . .      SeeInvis +      - Unarmed
rCold   . . .      Faith    .    (shield unavailable)
rNeg    . . .      Spirit   .    (body armour unavailable)
rPois   .          Reflect  .    (helmet unavailable)
rElec   .          Harm     .    (cloak unavailable)
rCorr   .          Rampage  .    (gloves unavailable)
Will    +....      Clarity  +    (boots unavailable)
Stlth   ++++++.... NoTele   +    x - amulet of the acrobat
HPRegen 0.28/turn                g - +4 ring of protection
MPRegen 0.12/turn                D - +4 ring of slaying

@: acrobatic, quick
A: very small, claws 1, fangs 3, see invisible, speed 1, shaggy fur 2, stealthy
paws, no weapons or thrown items, no armour, multi-lived, thin skeletal
structure 1, clarity, clever 1, deterioration 1, fire resistance 1, weak 1
a: Renounce Religion


You were in a Gauntlet.
You worshipped Xom.
You were a plaything of Xom.
You visited 2 branches of the dungeon, and saw 13 of its levels.
You also visited: Gauntlet.

You collected 569 gold pieces.
You spent 426 gold pieces at shops.

Inventory:

Jewellery
 g - a +4 ring of protection (left paw)
 x - an amulet of the acrobat (around neck)
 y - a +6 ring of strength
 A - a ring of flight
 C - a ring of ice
 D - a +4 ring of slaying (right paw)
 J - a ring of magical power
Wands
 n - a wand of digging (7)
 p - a wand of roots (17)
 s - a wand of flame (57) (quivered)
 v - a wand of charming (13)
Scrolls
 b - a scroll of immolation
 j - a scroll of poison
 l - 3 scrolls of fog
 r - 5 scrolls of teleportation
 u - 3 scrolls of vulnerability
 z - 3 scrolls of magic mapping
 B - a scroll of blinking
 F - a scroll of amnesia
 I - a scroll of silence {unknown}
Potions
 c - 2 potions of flight
 d - 3 potions of mutation
 e - 3 potions of berserk rage
 f - 3 potions of lignification
 h - 4 potions of resistance
 i - 7 potions of curing
 k - 4 potions of heal wounds
 m - 2 potions of haste
 o - a potion of attraction
 q - 2 potions of magic
 t - 3 potions of cancellation
 w - a potion of invisibility
 E - 3 potions of might
 G - a potion of brilliance
Miscellaneous
 a - a piece from Xom's chessboard (15/15)
 H - a phial of floods


   Skills:
 - Level 10.0 Fighting
 - Level 8.0 Dodging
 - Level 10.0 Stealth
 * Level 13.0 Unarmed Combat
 - Level 4.0 Translocations
 - Level 6.0 Evocations


You had 7 spell levels left.
You knew the following spells:

 Your Spells              Type           Power      Damage    Failure   Level
a - Blink                 Tloc           26%        N/A       7%          2

Your spell library contained the following spells:

 Spells                   Type           Power      Damage    Failure   Level
 Apportation              Tloc           26%        N/A       4%          1
 Gell's Gravitas          Tloc           13%        N/A       14%         3
 Lesser Beckoning         Tloc           26%        N/A       14%         3
 Teleport Other           Tloc           13%        N/A       14%         3
 Momentum Strike          Conj/Tloc      12%        3d8       16%         2
 Slow                     Hex            0%         N/A       24%         1
 Confusing Touch          Hex            0%         N/A       56%         3
 Vampiric Draining        Necr           0%         2d6       56%         3
 Airstrike                Air            0%         2d(0-16)  93%         4
 Summon Lightning Spire   Summ/Air       0%         N/A       93%         4
 Alistair's Intoxication  Tmut/Pois      0%         N/A       100%        5
 Lightning Bolt           Conj/Air       0%         1d11      100%        5


Dungeon Overview and Level Annotations

Branches:
Dungeon (11/15)            Temple (0/1) D:6            Lair (2/5) D:9
    Orc (0/2) D:10        Gauntlet (1/1)
  Swamp: Lair:2-3    Shoals: Lair:2-3     Snake: Lair:2-3    Spider: Lair:2-3

Altars:
Dithmenos
Gozag
Hepliaklqana
Kikubaaqudgha
Makhleb
Nemelex Xobeh
Ru
Trog
Vehumet
Xom
Zin
The Shining One

Shops:
D:2 *(?*   D:4 !*

Annotations:
D:9 3 runed translucent doors, t4s4d4r's ghost, novice OgFi Gauntlet 13 transporters, 21 runed translucent doors


Innate Abilities, Weirdness & Mutations

You have sharp claws.
You have razor-sharp teeth.
You have supernaturally acute eyesight. (SInv)
You cover ground quickly. (Speed+)
You are covered in thick fur. (AC +2)
Your paws help you pounce on unaware monsters.
You are incapable of wielding weapons or throwing items.
You cannot wear armour.
You gain extra lives every three experience levels.
You have a somewhat thin skeletal structure. (Dex +2, Stealth+)
You possess an exceptional clarity of mind.
Your mind is acute. (Int +4, Str/Dex -1)
Your body sometimes deteriorates upon taking damage.
Your flesh is heat resistant. (rF+)
You are weak. (Str -2)


Message History

The meliai closely misses you. The meliai completely misses you.
You hear an angry buzzing noise. x2
You claw the meliai! You bite the meliai.
The meliai is heavily wounded.
The meliai barely misses you.
The meliai stings you but does no damage.
You miss the meliai. Your bite misses the meliai.
The meliai is heavily wounded.
The meliai completely misses you.
The meliai stings you but does no damage.
You scratch the meliai. You claw the meliai.
The meliai is almost dead.
The meliai misses you. x2
The meliai mumbles some strange prayers to its god against you.
Something smites you!
You scratch the meliai. Your claw misses the meliai.
The meliai is almost dead.
The meliai completely misses you. x2; The meliai misses you.
The meliai completely misses you.
You scratch the meliai.
You kill the meliai!
The meliai hits you with a +0 war axe! The meliai closely misses you.
The meliai barely misses you. The meliai closely misses you.
The meliai misses you.
The meliai stings you but does no damage.
Training target 10.0 for Fighting reached!
Your Fighting skill increases to level 10!
Your Unarmed Combat skill increases to level 13!
You barely miss the meliai. You bite the meliai, but do no damage.
The meliai hits you with a +0 war axe! The meliai closely misses you.
The meliai completely misses you. The meliai misses you.
Unknown command.
The meliai attacks as you move away! The meliai completely misses you. x2
The meliai invokes the aid of its god against you.
Something smites you!
* * * LOW HITPOINT WARNING * * *
The meliai mumbles some strange prayers to its god against you.
Something smites you!
You die...
Xom bursts into laughter!

..#.#..##.#.#..+...+.=#.#.#...#©#
#######.#.#.#++#++##.[#.#.#..#...
.#...#..#.#.#..+..+...#.#.#.#....
.?.©)...#.#.#..+..+...#.#.##t....
###########.###########.#########
..#©........#≈§§§8≈≈≈≈#........©#
..#########.###########.#########
..........#.##.©.######.#........
..........#.#.#.@#..#.#.#........
########..#.#.##..yy"##.#..######
#8# #8#..#.##.#.####!#.#..#8# #8
### ###..#©###.#.##.©#©#..### ##
#..###....###.}###..#
#....##.#.#.##.#....#
#....#.#..#....#....#
###..#..###.#.##..###
#8#..###########..#8#


You could see 2 meliai.

Vanquished Creatures
  A hydra (Lair:2)
  An ugly thing (D:10)
  A cane toad (Lair:1)
  2 komodo dragons
  A troll (D:11)
  A meliai (Gauntlet)
  4 blink frogs (Lair:1)
  A tarantella (Lair:1)
  Sigmund (D:2)
  7 wyverns (D:9)
  A shadow (D:10)
  13 yaks
  An acid dragon (D:10)
  7 water moccasins
  A hornet zombie (D:5)
  A swamp drake (D:9)
  2 ice beasts
  A sky beast (D:8)
  6 black bears
  3 orc warriors
  An ogre (D:6)
  6 centaurs
  4 wolves (Lair:1)
  4 phantoms
  4 kobold brigands
  2 gnoll sergeants (D:7)
  6 bullfrogs
  5 necrophages
  4 scorpions
  9 wights
  10 killer bees
  2 troll zombies (D:10)
  A howler monkey (D:9)
  A crimson imp (D:7)
  2 bullfrog zombies (D:5)
  A centaur zombie (D:5)
  A human zombie (D:5)
  2 hounds
  A jelly (D:8)
  5 orc priests
  A gnoll bouda (D:7)
  10 iguanas
  Ijyb (D:3)
  8 orc wizards
  A scorpion zombie (D:5)
  4 ogre zombies (D:10)
  A howler monkey zombie (D:5)
  A mummy (D:5)
  Robin (D:1)
  17 gnolls
  3 adders
  2 shadow imps (D:7)
  3 white imps
  An ufetubus (D:4)
  2 worms
  2 dart slugs
  25 orcs
  9 ball pythons
  8 endoplasms
  4 giant cockroaches
  13 goblins
  11 hobgoblins
  4 jackals (D:1)
  2 quokkas
  4 bats (D:1)
  5 frilled lizards
  A goblin skeleton (D:10)
  A goblin zombie (D:10)
  4 hobgoblin zombies (D:10)
  20 kobolds
  2 orc skeletons (D:10)
  9 orc zombies (D:10)
  5 rats
312 creatures vanquished.

Vanquished Creatures (collateral kills)
  Grinder (D:4)
  Blork the orc (D:4)
  2 orc wizards (D:4)
  An adder (D:4)
  An orc (D:4)
  An endoplasm (D:4)
  2 hobgoblins (D:4)
  A ball python (D:4)
10 creatures vanquished.

Vanquished Creatures (others)
  A gnoll (D:7)
  2 fungi
  19 plants
22 creatures vanquished.

Grand Total: 344 creatures vanquished

Notes
Turn   | Place    | Note
-------+----------+-------------------------------------------
     0 | D:1      | tilp the Felid Chaos Knight began the quest for the Orb.
     0 | D:1      | Reached XP level 1. HP: 10/10 MP: 2/2
   210 | D:1      | Reached XP level 2. HP: 14/14 MP: 3/3
   313 | D:1      | XOM: cloud trail
   434 | D:1      | XOM: smoke on damage
   705 | D:1      | Reached XP level 3. HP: 17/17 MP: 4/4
   871 | D:1      | XOM is BORED!
  1154 | D:2      | Noticed Sigmund
  1172 | D:2      | Noticed Robin
  1183 | D:2      | Reached skill level 4 in Unarmed Combat
  1212 | D:1      | Killed Robin
  1251 | D:2      | Reached skill level 1 in Stealth
  1282 | D:2      | XOM: noise
  1316 | D:2      | Found Udevov's Antique Weapon Shop.
  1327 | D:2      | Found Emuniec's Magic Scroll Emporium.
  1335 | D:2      | XOM: butterfly on damage
  1338 | D:2      | XOM: noise
  1474 | D:2      | Found a shimmering altar of Xom.
  1539 | D:2      | XOM: 1-stop teleportation journey
  1618 | D:2      | Killed Sigmund
  1619 | D:2      | Reached skill level 5 in Unarmed Combat
  1619 | D:2      | Reached XP level 4. HP: 22/22 MP: 5/5
  1619 | D:2      | Reached XP level 5. HP: 25/25 MP: 6/6
  1640 | D:2      | Found Agriomath's Assorted Antiques.
  1644 | D:2      | Bought a sedimented orange potion for 27 gold pieces
  1773 | D:2      | Found Azetea's General Store.
  1913 | D:2      | XOM: torment (14/25 hp)
  2063 | D:2      | XOM: noise
  2171 | D:3      | Noticed Ijyb
  2176 | D:3      | Killed Ijyb
  2177 | D:3      | Gained mutation: You are covered in thick fur. (AC +2)
                  | [Felid growth]
  2177 | D:3      | Reached XP level 6. HP: 28/28 MP: 7/7
  2243 | D:3      | Found a radiant altar of Vehumet.
  2243 | D:3      | XOM: 9-stop teleportation journey
  2253 | D:3      | Found a faded altar of an unknown god.
  2276 | D:3      | Reached skill level 6 in Unarmed Combat
  2508 | D:3      | Learned a level 2 spell: Blink
  2608 | D:2      | Bought a scroll labelled MEIT URAS IDD for 31 gold pieces
  2646 | D:2      | Bought a scroll of identify for 22 gold pieces
  2821 | D:4      | XOM: give mutations
  2821 | D:4      | Gained mutation: Your body sometimes deteriorates upon
                  | taking damage. [Xom's mischief]
  2821 | D:4      | Gained mutation: Potions are less effective at restoring
                  | your health. [Xom's mischief]
  2821 | D:4      | Lost mutation: Your body sometimes deteriorates upon taking
                  | damage. [Xom's mischief]
  2821 | D:4      | Lost mutation: Potions are less effective at restoring your
                  | health. [Xom's mischief]
  2854 | D:4      | Noticed Blork the orc
  2855 | D:4      | XOM: cast spell 'Summon Dragon'
  2861 | D:4      | Killed Blork the orc
  2907 | D:4      | Reached XP level 7. HP: 30/33 MP: 8/8
  2929 | D:4      | Found a bloodstained altar of Trog.
  2951 | D:4      | Found an opulent altar of Gozag.
  2957 | D:4      | Found Gozag's Platinum Reserve.
  3007 | D:4      | Found Nuivostro's Distillery.
  3011 | D:4      | XOM: potion effect (berserk rage)
  3024 | D:4      | Noticed Grinder
  3028 | D:4      | Killed Grinder
  3029 | D:4      | Reached skill level 5 in Dodging
  3055 | D:4      | Bought a potion of heal wounds for 55 gold pieces
  3233 | D:4      | Found a hazy altar of Hepliaklqana.
  3349 | D:4      | XOM: silly message
  3350 | D:4      | Found a glowing golden altar of the Shining One.
  3387 | D:5      | Entered Level 5 of the Dungeon
  3390 | D:5      | Reached skill level 7 in Unarmed Combat
  3409 | D:5      | Identified the +8 spear of the Original Sin {flame, rPois
                  | Int+7 Dex+2}
  3451 | D:5      | XOM: cloud trail
  3478 | D:5      | XOM: potion effect (haste)
  3483 | D:4      | XOM: noise
  3496 | D:4      | Reached skill level 1 in Translocations
  3604 | D:5      | Reached skill level 5 in Fighting
  3604 | D:5      | Reached XP level 8. HP: 20/37 MP: 9/9
  3722 | D:5      | XOM: silly message
  3777 | D:5      | XOM: noise
  3891 | D:5      | Reached skill level 5 in Stealth
  4196 | D:5      | Reached skill level 8 in Unarmed Combat
  4238 | D:5      | XOM: 2-stop teleportation journey
  4238 | D:5      | Found a shadowy altar of Dithmenos.
  4269 | D:5      | XOM: polymorph iguana -> adder
  4331 | D:5      | Reached skill level 1 in Evocations
  4539 | D:5      | Reached XP level 9. HP: 31/41 MP: 10/10
  4636 | D:5      | Found an ancient bone altar of Kikubaaqudgha.
  4915 | D:6      | XOM: swap monsters
  4927 | D:6      | Reached skill level 9 in Unarmed Combat
  4946 | D:6      | Found a staircase to the Ecumenical Temple.
  5206 | D:6      | XOM: butterfly on damage
  5477 | D:2      | XOM: cloud trail
  5485 | D:2      | Bought a scroll of blinking for 82 gold pieces
  5585 | D:7      | XOM: give mutations
  5585 | D:7      | Gained mutation: You are dopey. (Int -2) [Xom's mischief]
  5585 | D:7      | Gained mutation: Your body sometimes deteriorates upon
                  | taking damage. [Xom's mischief]
  5615 | D:7      | Found a burning altar of Makhleb.
  5618 | D:7      | XOM: enchant monster (bad)
  5660 | D:7      | HP: 1/42 [orc wizard/magic dart (7)]
  5765 | D:7      | XOM: polymorph orc wizard -> centaur
  5778 | D:7      | XOM: blink monster(s)
  5830 | D:7      | XOM: chaos upgrade
  5834 | D:7      | XOM: blink monster(s)
  5840 | D:7      | Found a sparkling altar of Nemelex Xobeh.
  5840 | D:7      | XOM: 2-stop teleportation journey
  6019 | D:7      | XOM: chaos upgrade
  6320 | D:7      | XOM: confusion (+ monsters)
  6325 | D:7      | XOM: destruction
  6333 | D:7      | Reached skill level 10 in Unarmed Combat
  6524 | D:7      | XOM: 4-stop teleportation journey
  6689 | D:7      | XOM: give mutations
  6689 | D:7      | Lost mutation: You are dopey. (Int -2) [Xom's grace]
  6689 | D:7      | Gained mutation: You have a somewhat thin skeletal
                  | structure. (Dex +2, Stealth+) [Xom's grace]
  6720 | D:7      | XOM: god gift: staff of poison
  6755 | D:7      | XOM: enchant monster (good)
  7058 | D:4      | Bought a potion of cancellation for 88 gold pieces
  7129 | D:8      | Reached XP level 10. HP: 37/48 MP: 11/11
  7180 | D:8      | Found a sacrificial altar of Ru.
  7485 | D:8      | XOM: 5-stop teleportation journey
  7667 | D:8      | Found a glowing silver altar of Zin.
  7678 | D:8      | XOM: give mutations
  7678 | D:8      | Gained mutation: Your spells are a little harder to cast,
                  | but a little more powerful. [Xom's grace]
  7678 | D:8      | Gained mutation: Your mind is acute. (Int +4, Str/Dex -1)
                  | [Xom's grace]
  8202 | D:9      | Found a runed translucent gate.
  8202 | D:9      | Found a runed translucent gate.
  8202 | D:9      | Found a runed translucent gate.
  8203 | D:9      | Noticed t4s4d4r's ghost (novice OgFi)
  8267 | D:9      | Found a staircase to the Lair.
  8284 | D:9      | XOM: enchant monster (good)
  8293 | D:9      | XOM: potion effect (might)
  8301 | D:9      | XOM: noise
  8306 | D:9      | Reached skill level 5 in Evocations
  8307 | D:9      | XOM: chaos cloud
  8619 | D:9      | Reached skill level 11 in Unarmed Combat
  8899 | D:9      | XOM: cleaving
  8906 | D:9      | XOM: enchant monster (bad)
  8907 | D:9      | XOM: silly message
  8917 | D:9      | XOM: divination: magic mapping
  8939 | D:9      | XOM: butterfly on damage
  9066 | D:9      | XOM: polymorph killer bee -> swamp drake
  9375 | D:4      | Bought a potion of curing for 33 gold pieces
  9375 | D:4      | Bought a potion of might for 44 gold pieces
  9375 | D:4      | Bought a potion of brilliance for 44 gold pieces
  9447 | D:10     | Entered Level 10 of the Dungeon
  9586 | D:10     | XOM: noise
  9590 | D:10     | Noticed a cyan ugly thing
  9595 | D:10     | Reached XP level 11. HP: 52/52 MP: 12/12
  9605 | D:10     | XOM: noise
  9613 | D:10     | Killed a cyan ugly thing
  9617 | D:10     | XOM: blink monster(s)
  9729 | D:10     | Found a staircase to the Orcish Mines.
  9787 | D:10     | XOM: blink monster(s)
 10110 | D:10     | HP: 2/53 [gargoyle/stone arrow (19)]
 10111 | D:10     | Slain by a gargoyle
 10112 | D:10     | Reached XP level 10. HP: 0/49 MP: 11/11
 10377 | D:10     | Found a shimmering altar of Xom.
 10391 | D:10     | XOM: scenery: summon butterflies
 10638 | D:10     | Upgraded the game from 0.30-a0-223-gcb0039aa0c to
                  | 0.30-a0-250-g41c1d76940
 10641 | D:10     | XOM: god gift: scroll of poison
 10851 | D:11     | Noticed a boulder beetle
 10930 | D:11     | Noticed a manticore
 10963 | D:10     | XOM: give mutation
 10963 | D:10     | Gained mutation: Your flesh is heat resistant. (rF+) [Xom's
                  | mischief]
 10967 | D:10     | XOM: give mutations
 10967 | D:10     | Gained mutation: You are clumsy. (Dex -2) [Xom's mischief]
 10967 | D:10     | Lost mutation: Your spells are a little harder to cast, but
                  | a little more powerful. [Xom's mischief]
 10967 | D:10     | Gained mutation: You are very clumsy. (Dex -4) [Xom's
                  | mischief]
 11012 | Lair:1   | Entered Level 1 of the Lair of Beasts
 11030 | Lair:1   | XOM: give mutations
 11030 | Lair:1   | Lost mutation: You are very clumsy. (Dex -4) [Xom's
                  | mischief]
 11030 | Lair:1   | Gained mutation: You possess an exceptional clarity of
                  | mind. [Xom's mischief]
 11030 | Lair:1   | Gained mutation: You are weak. (Str -2) [Xom's mischief]
 11133 | Lair:1   | Noticed a cane toad
 11140 | Lair:1   | Killed a cane toad
 11233 | Lair:1   | Reached skill level 12 in Unarmed Combat
 11238 | Lair:1   | XOM: polymorph yak -> tarantella
 11336 | Lair:1   | XOM: 1-stop teleportation journey
 11629 | Lair:1   | Reached XP level 11. HP: 53/53 MP: 12/12
 11714 | Lair:1   | XOM: summons 1 hostile demon
 12101 | Lair:2   | Noticed an eight-headed hydra
 12103 | Lair:2   | Found a gate leading to a gauntlet.
 12108 | Lair:2   | Killed an eight-headed hydra
 12109 | Lair:2   | Reached skill level 10 in Stealth
 12134 | Gauntlet | Entered a Gauntlet
 12134 | Gauntlet | Found a transporter.
 12134 | Gauntlet | Found a transporter.
 12138 | Gauntlet | Found a transporter.
 12138 | Gauntlet | Found a transporter.
 12140 | Gauntlet | Found a large runed translucent door.
 12141 | Gauntlet | Found a large runed translucent door.
 12142 | Gauntlet | Found a large runed translucent door.
 12142 | Gauntlet | Found a large runed translucent door.
 12142 | Gauntlet | Found a runed translucent door.
 12143 | Gauntlet | Found a large runed translucent door.
 12145 | Gauntlet | Found a transporter.
 12159 | Gauntlet | Found a large runed translucent door.
 12160 | Gauntlet | Found a large runed translucent door.
 12161 | Gauntlet | Found a large runed translucent door.
 12162 | Gauntlet | Found a runed translucent gate.
 12170 | Gauntlet | Found a transporter.
 12171 | Gauntlet | Noticed a ghost crab
 12174 | Gauntlet | Found a transporter.
 12174 | Gauntlet | Found a transporter.
 12177 | Gauntlet | Noticed a cyan ugly thing
 12178 | Gauntlet | Found a transporter.
 12179 | Gauntlet | Noticed a great orb of eyes
 12181 | Gauntlet | Noticed a cyan ugly thing
 12182 | Gauntlet | Noticed a ghost crab
 12182 | Gauntlet | XOM: silly message
 12205 | Gauntlet | Found a transporter.
 12207 | Gauntlet | Found a runed translucent gate.
 12207 | Gauntlet | Found a runed translucent gate.
 12209 | Gauntlet | Found a large runed translucent door.
 12210 | Gauntlet | Found a large runed translucent door.
 12212 | Gauntlet | Found a transporter.
 12213 | Gauntlet | Found a large runed translucent door.
 12214 | Gauntlet | Found a large runed translucent door.
 12217 | Gauntlet | Found a runed translucent door.
 12228 | Gauntlet | Found a large runed translucent door.
 12228 | Gauntlet | Found a large runed translucent door.
 12229 | Gauntlet | Found a large runed translucent door.
 12230 | Gauntlet | Found a large runed translucent door.
 12235 | Gauntlet | Found a transporter.
 12271 | Gauntlet | Found a transporter.
 12286 | Gauntlet | Found a transporter.
 12388 | Gauntlet | Found a transporter.
 12392 | Gauntlet | Noticed a blizzard demon
 12399 | Gauntlet | XOM: give mutation
 12399 | Gauntlet | Lost mutation: You are clumsy. (Dex -2) [Xom's mischief]
 12405 | Gauntlet | Found a transporter.
 12520 | Gauntlet | Engulfed by a ghost crab's spectral mist
 12521 | Gauntlet | Reached XP level 10. HP: 0/51 MP: 11/11
 12529 | Gauntlet | Reached skill level 10 in Fighting
 12529 | Gauntlet | Reached skill level 13 in Unarmed Combat
 12530 | Gauntlet | Killed from afar by a meliai

Illustrated notes

Levels and vault maps discovered:
D:1:      evilmike_arrival_hilbert_curve, layout_basic
D:2:      layout_loops_ring, basic_altar, serial_shops, shop, shop,
          nicolae_shop_temple_entry_statues_fountains, shop, uniq_robin,
          uniq_sigmund
D:3:      layout_basic, vehumet_altar_wand_db, basic_ecumenical_altar,
          chequers_garden, uniq_ijyb
D:4:      layout_basic, tso_altar, bloody_trog, nicolae_gozag_zags_fifth_avenue,
          nzn_hepliaklqana_mist_gate, serial_shops, nicolae_shop_stone,
          uniq_blork_the_orc, uniq_grinder
D:5:      layout_gridville, lemuel_mausoleum_altar_kikubaaqudgha,
          nicolae_dithmenos_the_darkroom
D:6:      layout_loops_ring, minmay_temple_entry_antechambers
D:7:      layout_loops_corners, mainiacjoe_overflow_catwalk,
          makhleb_grotto_becter, minmay_increasing_density
D:8:      layout_loops_cross, old_standard_altar,
          nicolae_overflow_crystal_walls, hex_medium
D:9:      layout_long_grid, minmay_lair_entry_grove, gammafunk_ghost_spectres,
          minmay_misc_feat_tiny, nicolae_lava_and_water
D:10:     layout_roguey, tgw_xom, zombieorc1_lemuel
D:11:     layout_cave_pools, nemelex_diamond_rough_becter, uniq_grum
Lair:1:   layout_gridlike, infiniplex_staircase_pool_2
Lair:2:   layout_gridlike, gauntlet_entry_generic
Gauntlet: gammafunk_gauntlet_branching [gammafunk_gauntlet_arena_chambers,
          gammafunk_gauntlet_arena_grid, gammafunk_gauntlet_arena_mazey,
          minmay_gauntlet_arena_make_your_own_arena,
          gammafunk_gauntlet_arena_split_x, nicolae_gauntlet_arena_blocks,
          nicolae_gauntlet_arena_x, gammafunk_gauntlet_arena_teeth,
          dreamdust_gauntlet_exit_labyrinth]

Skill      XL: |  1  2  3  4  5  6  7  8  9 10 11 |
---------------+----------------------------------+-----
Dodging        | 4 5 6 7 8 |  8.0
Unarmed Combat | 5 6 7 8 10 13 | 13.0
Stealth        | 2 3 4 6 9 10 | 10.0
Fighting       | 4 5 6 8 10 9 | 10.0
Translocations | 1 4 |  4.0
Evocations     | 1 4 5 6 |  6.0

Action                   |  1- 3 |  4- 6 |  7- 9 | 10-12 || total
-------------------------+-------+-------+-------+-------++-------
Melee: Unarmed           |   124 |    94 |   393 |   442 ||  1053
       Bite              |    13 |    13 |    50 |    61 ||   137
       Punch             |     6 |     4 |    23 |    35 ||    68
Evoke: Wand              |       |       |     1 |       ||     1
  Use: Scroll            |     6 |     5 |     7 |     7 ||    25
       Potion            |       |       |     1 |       ||     1
 Stab: Sleeping          |     6 |     4 |    21 |    16 ||    47
       Distracted        |       |       |     1 |     4 ||     5
       Invisible         |       |       |       |     2 ||     2
       Paralysed         |       |       |       |     1 ||     1
Armor: Skin              |     2 |    13 |    46 |    29 ||    90
Dodge: Dodged            |    79 |    53 |   309 |   411 ||   852

Table legend: (Time is in decaauts)
 A = Elapsed time spent in this place.
 B = Non-inter-level travel time spent in this place.
 C = Inter-level travel time spent in this place.
 D = Time resting spent in this place.
 E = Time spent auto-exploring this place.
 F = Levels seen in this place.
 G = Mean time per level.
                   A        B        C        D        E       F      G
               +--------+--------+--------+--------+--------+-----+--------+
         Total |  10700 |   9844 |    856 |    624 |   7049 |  14 |  764.3 |
       Dungeon |   9425 |   8586 |    839 |    624 |   6083 |  11 |  856.8 |
          Lair |    958 |    941 |     17 |      0 |    752 |   2 |  479.0 |
      Gauntlet |    317 |    317 |      0 |      0 |    212 |   1 |  317.0 |
               +--------+--------+--------+--------+--------+-----+--------+

Top non-repeatable levels by time:
     D:9: 1299 daAuts
    D:10: 1272 daAuts
     D:7: 1245 daAuts
     D:1: 1025 daAuts
     D:5: 1018 daAuts
  Lair:1: 903 daAuts
     D:2: 821 daAuts
     D:4: 760 daAuts
     D:8: 703 daAuts
     D:6: 637 daAuts
     D:3: 559 daAuts
Gauntlet: 317 daAuts
    D:11: 81 daAuts
  Lair:2: 54 daAuts
